 Dungeon Crawl Stone Soup version 0.20-a0-1026-gc3ddcbd (webtiles) character file.

51 Gorglomux the Sneak (level 3, -3/28 HPs)
             Began as a Vampire Assassin on Apr 20, 2017.
             Slain by a goblin
             ... wielding a +0 club
              (5 damage)
             ... on level 1 of the Dungeon.
             The game lasted 00:02:39 (3768 turns).

Gorglomux the Sneak (Vampire Assassin)              Turns: 3768, Time: 00:02:40

Health: -3/28      AC:  3    Str: 10    XL:     3   Next: 58%
Magic:  3/3        EV: 13    Int: 13    God:
Gold:   21         SH:  0    Dex: 16    Spells: 2/2 levels left

rFire    . . .     SeeInvis +   a - +2 dagger
rCold    + . .     Gourm    .   (no shield)
rNeg     + + .     Faith    .   c - +0 robe
rPois    +         Spirit   .   (no helmet)
rElec    .         Reflect  .   d - +0 cloak
rCorr    .         Harm     .   (no gloves)
MR       .....                  (no boots)
Stlth    ++++......             (no amulet)
Regen    0.1/turn               (no ring)
MPRegen  0.1/turn               (no ring)

@: regenerating slowly
A: fangs 3, see invisible, unbreathing
a: Bat Form


You were on level 1 of the Dungeon.
You were very thirsty.

You visited 1 branch of the dungeon, and saw 1 of its levels.

You collected 21 gold pieces.

Inventory:

Hand Weapons
 a - a +2 dagger (weapon)
 b - a +0 blowgun
Missiles
 e - 5 poisoned needles
 f - 2 curare-tipped needles
Armour
 c - a +0 robe (worn)
 d - a +0 cloak (worn)
Scrolls
 i - a scroll of teleportation {unknown}
 j - a scroll of enchant armour {unknown}
 k - a scroll of identify {unknown}
 l - a scroll of immolation {unknown}
Potions
 g - 5 potions of blood {@q1}
 h - a potion of lignification {unknown}
 m - a potion of magic {unknown}


   Skills:
 + Level 2.3 Fighting
 + Level 2.7 Short Blades
 + Level 2.0 Throwing
 + Level 2.1 Dodging
 + Level 6.0 Stealth


You had 2 spell levels left.
You didn't know any spells.

Dungeon Overview and Level Annotations

Branches:
Dungeon (1/15)

Altars:


Innate Abilities, Weirdness & Mutations

You heal slowly.
You have razor-sharp teeth.
You have supernaturally acute eyesight. (SInv)
You can survive without breathing.


Message History

You kill the rat!
No target in view!
No target in view!
You see here a rat corpse.
You bottle the corpse's blood.
g - 6 potions of blood {@q1} (gained 1) Done exploring.
Unknown command.
You start waiting.
Done waiting.
You start waiting.
Something bites the plant but does no damage.
Unknown command.
You start waiting.
Unknown command.
A rat is nearby!
Unknown command.
A rat is nearby!
Unknown command.
You enter the shallow water.
Moving in this stuff is going to be slow.
You see here a stone.
No target in view!
No target in view!
No target in view!
You start waiting.
Unknown command.
A rat is nearby!
A rat is nearby!
You see here a dagger.
You barely miss the rat. The rat closely misses you.
You hit the rat.
You kill the rat!
No target in view!
No target in view!
You start waiting.
A frilled lizard comes into view.
A frilled lizard is nearby!
A frilled lizard is nearby!
A frilled lizard is nearby!
You see here a dagger.
You see here a rat corpse.
You bottle the corpse's blood.
g - 7 potions of blood {@q1} (gained 1)
You start waiting.
One of your 7 potions of blood {@q1} rots away.
You start waiting.
Done waiting.
You start waiting.
A goblin comes into view. It is wielding a club.
Unknown command.
A goblin is nearby!
Unknown command.
A goblin is nearby!
Unknown command.
A goblin is nearby!
A worm comes into view.
The worm bites you.
You take 4 damage, and have 19/28 hp.
You hit the worm. You hit the worm. The worm closely misses you.
You hit the worm. The worm completely misses you.
You hit the worm. You hit the worm. You completely miss the worm.
The worm bites you!
You take 9 damage, and have 10/28 hp.
MASSIVE DAMAGE!!
You hit the worm. You bite the worm. The worm bites you!
* * * LOW HITPOINT WARNING * * *
You take 7 damage, and have 3/28 hp.
MASSIVE DAMAGE!!
Unknown command.
b - a +0 blowgun (weapon)
Aim: a worm (heavily wounded)
You shoot a poisoned needle. The poisoned needle hits the worm.
The worm is poisoned.
The goblin shouts!
Aim: a worm (heavily wounded, poisoned)
You shoot a poisoned needle. The poisoned needle hits the worm.
The worm looks even sicker.
Aim: a worm (heavily wounded, poisoned)
You shoot a poisoned needle. The poisoned needle hits the worm.
The worm looks even sicker.
The goblin misses you.
a - a +2 dagger (weapon)
The goblin hits you with a club.
* * * LOW HITPOINT WARNING * * *
You take 1 damage, and have 2/28 hp.
Unknown command.
You swing at nothing.
You hit the goblin but do no damage. The goblin hits you with a club.
* * * LOW HITPOINT WARNING * * *
You take 1 damage, and have 1/28 hp.
You see here a dagger of speed.
You feel a bit more experienced.
You see here a club.
Yummy - fresh blood!
You are feeling very thirsty.
The goblin hits you with a club.
You die...

##.##.####♣≈≈..)≈P≈P≈#..##..#..
#........♣♣≈≈..≈≈P≈≈≈♣...)..###
#....#...♣≈≈....≈≈≈≈≈)P..##....
#....#..♣♣≈≈....≈≈≈≈≈≈♣........
#....##.♣♣≈P≈...♣≈≈≈≈♣♣.......#
#....##.♣♣♣≈≈...≈≈P≈≈P♣.#####..
#....#..♣♣≈≈≈..≈≈≈≈≈≈≈P.# ##.
#######..#♣♣≈≈P...≈≈≈≈≈P♣.# #.
#.......#..♣≈≈≈.@≈P≈≈≈♣♣..# #(
#.........##≈♣≈≈g..≈≈....## ##
#.......#####≈♣P..≈≈..####
#.......# ##≈≈.....## #########
#≈≈...)## ###...## #####


You could see a goblin.

Vanquished Creatures
  An ooze (D:1)
  A worm (D:1)
  2 dart slugs (D:1)
  A leopard gecko (D:1)
  3 giant cockroaches (D:1)
  4 goblins (D:1)
  5 hobgoblins (D:1)
  A jackal (D:1)
  7 kobolds (D:1)
  4 bats (D:1)
  A frilled lizard (D:1)
  7 rats (D:1)
37 creatures vanquished.

Notes
Turn   | Place    | Note
-------+----------+-------------------------------------------
     0 | D:1      | Gorglomux the Vampire Assassin began the quest for the Orb.
     0 | D:1      | Reached XP level 1. HP: 16/16 MP: 1/1
   912 | D:1      | Reached skill level 2 in Fighting
  1098 | D:1      | Reached XP level 2. HP: 22/22 MP: 2/2
  1232 | D:1      | Reached skill level 6 in Stealth
  1236 | D:1      | Reached skill level 2 in Throwing
  1267 | D:1      | Reached XP level 3. HP: 18/27 MP: 3/3
  3250 | D:1      | Reached skill level 2 in Dodging
  3723 | D:1      | HP: 3/28 [worm (7)]
  3737 | D:1      | HP: 2/28 [goblin/club (1)]
  3742 | D:1      | HP: 1/28 [goblin/club (1)]
  3768 | D:1      | Slain by a goblin

Vault maps used:
D:1:      dpeg_arrival_connections, serial_bayou_ford_a

Skill      XL: |  1  2  3 |
---------------+----------+-----
Fighting       | 2 |  2.3
Stealth        | 6 |  6.0
Throwing       | 2 |  2.0
Dodging        | 2 |  2.1
Short Blades   | |  2.7

Action                   || total
-------------------------++-------
Melee: Dagger            ||   101
       Bite              ||     9
 Fire: Blowgun           ||     3
  Use: Potion            ||     1
 Stab: Sleeping          ||    10
       Distracted        ||     1
Armor: Robe              ||    15
Dodge: Dodged            ||    50

Vault maps used:
D:1:      dpeg_arrival_connections, serial_bayou_ford_a

Table legend:
 A = Turns spent in this place as a percentage of turns spent in the entire game.
 B = Non-inter-level travel turns spent in this place as a percentage of non-inter-level travel turns spent in the entire game.
 C = Inter-level travel turns spent in this place as a percentage of turns spent in this place.
 D = Turns resting spent in this place as a percentage of non-inter-level travel turns spent in this place.
 E = Turns spent auto-exploring this place as a percentage of non-inter-level travel turns spent in this place.
 F = Non-inter-level travel turns spent in this place divided by the number of levels of this place that you've seen.
                   A       B       C       D       E      F
               +-------+-------+-------+-------+-------+----------------------
         Total | 100.0 | 100.0 |   0.0 |  10.5 |   4.2 | 692.0
       Dungeon | 100.0 | 100.0 |   0.0 |  10.5 |   4.2 | 692.0
               +-------+-------+-------+-------+-------+----------------------

Table legend:
 A = Kills in this place as a percentage of kills in entire the game.
 B = Kills by you in this place as a percentage of kills by you in the entire game.
 C = Kills by friends in this place as a percentage of kills by friends in the entire game.
 D = Other kills in this place as a percentage of other kills in the entire game.
 E = Experience gained in this place as a percentage of experience gained in the entire game.
 F = Experience gained in this place divided by the number of levels of this place that you have seen.
                   A       B       C       D       E      F
               +-------+-------+-------+-------+-------+----------------------
         Total | 100.0 | 100.0 |  -nan |  -nan | 100.0 |  74.0
       Dungeon | 100.0 | 100.0 |  -nan |  -nan | 100.0 |  74.0
               +-------+-------+-------+-------+-------+----------------------
